 Dungeon Crawl Stone Soup version 0.29-a0-283-ga02f740833 (webtiles) character file.

Game seed: 427024801241064757

1163 spaghetti the Nimble (level 8, -4/52 HPs)
             Began as an Octopode Berserker on Mar 13, 2022.
             Was a Believer of Trog.
             Shot with a sling bullet by a gnoll shaman (15 damage)
             ... on level 5 of the Dungeon.
             The game lasted 00:07:16 (4762 turns).

spaghetti the Nimble (Octopode Berserker)           Turns: 4762, Time: 00:07:17

Health: -4/52      AC:  1    Str: 16    XL:     8   Next: 40%
Magic:  8/8        EV: 17    Int: 16    God:    Trog [**....]
Gold:   328        SH:  0    Dex: 13    Spells: 7/7 levels left

rFire   + . .      SeeInvis .   a - +1 falchion {long}
rCold   . . .      Faith    .   (no shield)
rNeg    . . .      Spirit   .   (helmet restricted)
rPois   .          Reflect  .   (no amulet)
rElec   .          Harm     .   d - ring of willpower
rCorr   .          Rampage  .   f - ring of protection from fire
Will    +....                   o - +6 ring of intelligence
Stlth   ++........              (no ring)
HPRegen 0.17/turn               (no ring)
MPRegen 0.11/turn               (no ring)
                                (no ring)
                                (no ring)

@: on berserk cooldown, slowed, very slow
A: almost no armour, amphibious, 8 rings, camouflage 1, gelatinous body 1,
(nimble swimmer 1), tentacles
a: Renounce Religion, Berserk, Trog's Hand


You were on level 5 of the Dungeon.
You worshipped Trog.
Trog was pleased with you.
You visited 2 branches of the dungeon, and saw 6 of its levels.

You collected 328 gold pieces.


Innate Abilities, Weirdness & Mutations

You cannot wear most types of armour.
You are amphibious.
You can wear up to eight rings at the same time.
Your skin changes colour to match your surroundings (Stealth+).
Your rubbery body absorbs attacks. (AC +1, EV +1)
((You are camouflaged when in or above water. (Stealth+)))
You have tentacles for arms and can constrict up to eight enemies at once.


   Skills:
 - Level 3.0 Fighting
 - Level 3.0 Long Blades
 + Level 10.2 Dodging


You had 7 spell levels left.
You didn't know any spells.
Your spell library contained the following spells:

 Spells                   Type           Power      Damage    Failure   Level
 Shock                    Conj/Air       0%         1d3       26%         1
 Blink                    Tloc           0%         N/A       36%         2
 Sublimation of Blood     Necr           0%         N/A       36%         2
 Frozen Ramparts          Ice            0%         1d2       58%         3
 Lesser Beckoning         Tloc           0%         N/A       58%         3
 Ice Form                 Ice/Tmut       0%         N/A       94%         4
 Summon Ice Beast         Ice/Summ       0%         N/A       94%         4
 Manifold Assault         Tloc           0%         N/A       100%        5
 Infestation              Necr           0%         N/A       100%        8
 Death's Door             Necr           0%         N/A       100%        9

Inventory:

Hand Weapons
 a - a +1 falchion (weapon) {long}
 b - a +0 vorpal mace {mace}
   (You found it on level 1 of the Dungeon)
 q - a +1 whip of freezing {mace}
   (You took it off Pikel on level 4 of the Dungeon)
 r - a +2 flail of protection {mace}
   (You took it off an orc on level 4 of the Dungeon)
Missiles
 h - 123 stones (quivered) {throwing}
 l - a throwing net {=f!fthrowing}
 s - 3 boomerangs {throwing}
Magical Staves
 g - a staff of poison {forbidden!astaff}
   (You found it on level 1 of the Dungeon)
 t - a staff of death {forbidden!astaff}
   (You found it on level 4 of the Dungeon)
 u - a staff of death {forbidden!astaff}
   (You found it on level 4 of the Dungeon)
Jewellery
 d - a ring of willpower (left tentacle)
   (You found it on level 1 of the Dungeon)
 f - a ring of protection from fire (right tentacle)
   (You found it on level 1 of the Dungeon)
 o - a +6 ring of intelligence (on tentacle)
   (You found it on level 3 of the Dungeon)
 p - a ring of fire
   (You found it on level 3 of the Dungeon)
Scrolls
 e - a scroll of silence {!r}
 i - a scroll of enchant armour
 j - 2 scrolls of identify {@r1}
 m - a scroll of immolation {!r!r}
 w - a scroll of enchant weapon
Potions
 c - a potion of curing {@q1}
 k - a potion of attraction {!q}
 v - a potion of heal wounds {@q2}

Dungeon Overview and Level Annotations

Branches:
Dungeon (5/15)             Temple (1/1) D:5

Altars:
Ashenzari
Cheibriados
Dithmenos
Kikubaaqudgha
Nemelex Xobeh
Qazlal
Trog
Yredelemnul
Zin
The Shining One

Shops:
D:3 *

Portals:
Abyss: D:3

Annotations:
D:3 2 transporters, spaghetti's ghost, amateur NaFi

..##....##.##..####...
/(..##..................
.....##.<.#..#...#...###
............##...##...##
...........##.....##..##
......g.#.##..#.#..##...
........#.)..##.##.....
........†...##...##...#
.....(<@†)..)..>.......
.........†.)##...##....
.............##.## ...
.#.##.....##.)#.# .# ..
#.##... #.... # . #.
#.... #...# .. ......
...# ...............


You could see a gnoll shaman.


Message History

A gnoll is nearby!
A gnoll is nearby!
A jackal comes into view.
Items here: )) ÷÷.
A jackal comes into view.
The gnoll misses you.
A gnoll comes into view. It is wielding a +2 halberd of flaming.
You hit the gnoll. You grab the gnoll. You squeeze the gnoll!
You kill the gnoll!
Trog accepts your kill. The jackal barely misses you.
A hound comes into view.
The jackal barely misses you.
A hound comes into view.
The hound barks!
The jackal completely misses you.
You see here a +0 club {mace}.
You closely miss the jackal. You grab the jackal. You constrict the jackal.
The jackal barely misses you. The jackal misses you.
A red film seems to cover your vision as you go berserk!
You feel yourself moving faster!
You feel mighty!
You constrict the jackal. The jackal closely misses you. The jackal bites you.
A gnoll shaman comes into view.
It is wielding a +0 hunting sling. 😕 HP[+25]
You now have 78 max hp (+26).
You regained 25 hp, and now have 77/78 hp.
The gnoll shaman shouts!
You slash the jackal!
You kill the jackal!
Trog accepts your kill. The hound closely misses you.
The jackal barely misses you. The gnoll closely misses you.
You barely miss the jackal. You grab the jackal. You constrict the jackal.
The jackal closely misses you. The hound closely misses you. x2
The gnoll hits you from afar with a +2 halberd of flaming!
The gnoll burns you. The jackal completely misses you. The hound misses you.
The hound closely misses you. 😕 HP[-10]
You take 10 damage, and now have 67/78 hp.
You closely miss the hound. You grab the hound. You constrict the jackal.
You constrict the hound, but do no damage.
The hound completely misses you.
The gnoll hits you from afar with a +2 halberd of flaming!
The hound misses you. The jackal bites you. 😮 HP[-11]
You take 11 damage, and now have 56/78 hp.
You slash the hound! Your grab misses the hound. You squeeze the hound!
You kill the hound!
Trog accepts your kill.
You constrict the jackal. You constrict the hound.
The hound completely misses you. The jackal bites you. 😮 HP[-2]
You take 2 damage, and now have 54/78 hp.
You barely miss the jackal. Your squeeze misses the jackal.
You constrict the jackal.
You kill the jackal!
Trog accepts your kill.
You constrict the hound. The gnoll misses you. The hound closely misses you.
You slash the hound!
You kill the hound!
Trog accepts your kill.
The gnoll shaman calls upon its god to speed up the gnoll.
The gnoll seems to speed up.
The gnoll hits you from afar with a +2 halberd of flaming!
The gnoll burns you.
A jackal comes into view.
The jackal barks! 😮 HP[-10]
You take 10 damage, and now have 44/78 hp.
The gnoll misses you.
You see here a jackal corpse.
You slash the gnoll! You grab the gnoll. You constrict the gnoll.
The gnoll shaman calls upon its god to heal the gnoll.
The gnoll is healed somewhat.
The gnoll barely misses you.
You slash the gnoll!
You kill the gnoll!
Trog accepts your kill.
The gnoll shaman shoots a sling bullet.
The sling bullet closely misses you. 😮 HP[+1]
You are no longer berserk.
You are exhausted.
You feel yourself slow down.
The gnoll shaman shoots a sling bullet.
The sling bullet hits you.
* * * LOW HITPOINT WARNING * * *
You see here a +2 halberd of flaming {polearm}. 😨 HP[-19]
You now have 52 max hp (-26).
You closely miss the jackal. Your grab misses the jackal. The jackal bites you.
* * * LOW HITPOINT WARNING * * *
The gnoll shaman shoots a sling bullet.
The sling bullet completely misses you. The jackal misses you. 😨 HP[-3]
You take 3 damage, and now have 23/52 hp.
You hit the jackal.
You kill the jackal!
Trog accepts your kill.
The gnoll shaman shoots a sling bullet.
The sling bullet hits you!
* * * LOW HITPOINT WARNING * * *
The gnoll shaman shoots a sling bullet.
The sling bullet hits you!
You die...

Skill      XL: |  1  2  3  4  5  6  7  8 |
---------------+-------------------------+-----
Dodging        | 4 5 8 9 10 | 10.2
Fighting       | |  3.0
Long Blades    | |  3.0

Action                   |  1- 3 |  4- 6 |  7- 9 || total
-------------------------+-------+-------+-------++-------
Melee: Falchion          |    74 |    29 |    72 ||   175
       Constrict         |    20 |    10 |    26 ||    56
       Tentacles         |    13 |    10 |    18 ||    41
       Punch             |     3 |       |       ||     3
Throw: Stone             |       |     4 |    17 ||    21
Invok: Berserk           |     1 |     3 |     5 ||     9
  Use: Potion            |     2 |       |       ||     2
       Scroll            |     1 |       |     7 ||     8
 Stab: Sleeping          |    10 |     1 |     3 ||    14
Armor: Skin              |     6 |     2 |     1 ||     9
Dodge: Dodged            |    49 |    19 |    64 ||   132

Levels and vault maps discovered:
D:1:      heliophobic_arrival_enchanted_forest, layout_loops_ring,
          shapermc_ecumenical_altar_ellora
D:2:      layout_basic, minmay_rat_gold_closets
D:3:      layout_rooms, gammafunk_ghost_abyssal_escape, serial_shops,
          nicolae_shop_waterfront
D:4:      minmay_octagon_keep, layout_basic, cheibrodos_worm_habitat, uniq_pikel
D:5:      layout_cave_pools, elyvilon_altar_3,
          mainiacjoe_overflow_cross_hatched, minmay_temple_entry_waves,
          serial_gnoll_camp, gnoll_camp_mini_loothouse, gnoll_camp_mini_hut,
          gnoll_camp_mini_shop, gnoll_camp_mini_doghouse, grums_kennel,
          serial_shops, shop_statue, uniq_crazy_yiuf_cottage, uniq_blork_the_orc
Temple:   nicolae_temple_figure_zero

Notes
Turn   | Place    | Note
-------+----------+-------------------------------------------
     0 | D:1      | spaghetti the Octopode Berserker began the quest for the
                  | Orb.
     0 | D:1      | Reached XP level 1. HP: 16/16 MP: 1/1
     0 | D:1      | magus.rc [v1.9.6]
   246 | D:1      | HP: 6/24 [ball python (2)]
   247 | D:1      | Reached XP level 2. HP: 7/21 MP: 2/2
  1132 | D:1      | Found a faded altar of an unknown god.
  1186 | D:2      | Reached skill level 4 in Dodging
  1267 | D:2      | Reached XP level 3. HP: 26/26 MP: 3/3
  1597 | D:2      | You pick up a book of Rime {forbidden} and begin reading...
  1597 | D:2      | You add the spells Frozen Ramparts, Ice Form and Summon Ice
                  | Beast to your library.
  1651 | D:2      | You add the spells Shock, Sublimation of Blood, Infestation
                  | and Death's Door to your library.
  1651 | D:2      | Got the Compendium of Lethal Air {forbidden}
  1926 | D:2      | Reached ** piety under Trog
  2022 | D:2      | Reached XP level 4. HP: 31/31 MP: 4/4
  2093 | D:3      | Noticed a scorpion
  2101 | D:3      | Killed a scorpion
  2102 | D:3      | Reached skill level 5 in Dodging
  2102 | D:3      | Reached XP level 5. HP: 28/36 MP: 5/5
  2107 | D:3      | HP: 8/36 [poisoned by a scorpion]
  2110 | D:3      | HP: 3/36 [poisoned by a scorpion]
  2408 | D:3      | Found a transporter.
  2521 | D:3      | Found Vograv's General Store.
  2635 | D:3      | Found a transporter.
  2673 | D:3      | Found a one-way gate to the infinite horrors of the Abyss.
  2682 | D:3      | Noticed a small abomination
  2695 | D:3      | Noticed a kobold brigand
  2715 | D:3      | Noticed spaghetti's ghost (amateur NaFi)
  2932 | D:4      | Noticed a lemure
  2933 | D:4      | Noticed a lemure
  2936 | D:4      | Noticed Pikel
  2936 | D:4      | Noticed a lemure
  2938 | D:4      | Noticed a lemure
  2942 | D:4      | Killed Pikel
  2943 | D:4      | Reached skill level 8 in Dodging
  2943 | D:4      | Reached XP level 6. HP: 35/42 MP: 6/6
  2943 | D:4      | Reached XP level 7. HP: 39/46 MP: 7/7
  3136 | D:4      | You pick up a book of Spatial Translocations {forbidden}
                  | and begin reading...
  3136 | D:4      | You add the spells Blink, Lesser Beckoning and Manifold
                  | Assault to your library.
  3433 | D:4      | Reached skill level 9 in Dodging
  3435 | D:4      | HP: 13/69 [iguana (7)]
  3716 | D:4      | Reached XP level 8. HP: 52/52 MP: 8/8
  3849 | D:4      | Found a snail-covered altar of Cheibriados.
  4328 | D:5      | Entered Level 5 of the Dungeon
  4494 | D:5      | Found a staircase to the Ecumenical Temple.
  4508 | D:5      | Reached skill level 10 in Dodging
  4518 | Temple   | Entered the Ecumenical Temple
  4762 | D:5      | HP: 11/52 [gnoll shaman/sling bullet (12)]
  4762 | D:5      | Shot with a sling bullet by a gnoll shaman

Vanquished Creatures
  Pikel (D:4)
  An ogre (D:4)
  2 necrophages (D:4)
  3 scorpions
  4 hounds (D:5)
  An iguana (D:4)
  6 gnolls (D:5)
  4 adders
  A white imp (D:4)
  An ufetubus (D:5)
  2 worms
  6 dart slugs
  2 orcs
  10 ball pythons
  4 endoplasms
  3 giant cockroaches
  4 goblins
  8 hobgoblins
  8 jackals
  3 quokkas
  4 bats (D:2)
  A frilled lizard (D:2)
  3 kobolds
  12 rats
94 creatures vanquished.

Table legend:
 A = Non-vault XP
 B = Vault XP
 C = Vault XP percentage of total XP
 D = Non-vault monster count
 E = Vault monster count
 F = Vault count percentage of total count
                 A         B        C        D         E       F
            +---------+---------+-------+---------+---------+-------
      Total |     557 |    1107 |  66.5 |      63 |      31 |  33.0
            +---------+---------+-------+---------+---------+-------
        D:1 |      28 |       0 |   0.0 |      14 |       0 |   0.0
        D:2 |      48 |       8 |  14.3 |      20 |       8 |  28.6
        D:3 |     124 |       0 |   0.0 |      15 |       0 |   0.0
        D:4 |     222 |     968 |  81.3 |       8 |      15 |  65.2
        D:5 |     135 |     131 |  49.2 |       6 |       8 |  57.1
            +---------+---------+-------+---------+---------+-------

Illustrated notes

Table legend:
 A = Kills in this place as a percentage of kills in entire the game.
 B = Kills by you in this place as a percentage of kills by you in the entire game.
 C = Kills by friends in this place as a percentage of kills by friends in the entire game.
 D = Other kills in this place as a percentage of other kills in the entire game.
 E = Experience gained in this place as a percentage of experience gained in the entire game.
 F = Experience gained in this place divided by the number of levels of this place that you have seen.
                   A       B       C       D       E      F
               +-------+-------+-------+-------+-------+----------------------
         Total | 100.0 | 100.0 |   N/A |   N/A | 100.0 | 277.3
       Dungeon | 100.0 | 100.0 |   N/A |   N/A | 100.0 | 332.8
               +-------+-------+-------+-------+-------+----------------------

Table legend: (Time is in decaauts)
 A = Elapsed time spent in this place.
 B = Non-inter-level travel time spent in this place.
 C = Inter-level travel time spent in this place.
 D = Time resting spent in this place.
 E = Time spent auto-exploring this place.
 F = Levels seen in this place.
 G = Mean time per level.
                   A        B        C        D        E       F      G
               +--------+--------+--------+--------+--------+-----+--------+
         Total |   4871 |   4725 |    146 |   1262 |   2794 |   6 |  811.8 |
       Dungeon |   4637 |   4501 |    136 |   1262 |   2574 |   5 |  927.4 |
        Temple |    234 |    224 |     10 |      0 |    220 |   1 |  234.0 |
               +--------+--------+--------+--------+--------+-----+--------+

Top non-repeatable levels by time:
     D:4: 1700 daAuts
     D:1: 1180 daAuts
     D:2: 926 daAuts
     D:3: 644 daAuts
  Temple: 234 daAuts
     D:5: 185 daAuts
